 Dungeon Crawl Stone Soup version 0.18-a0-1027-g814d7dd (webtiles) character file.

52878 Scytalen the Brawler (level 14, -1/117 HPs)
             Began as a Troll Hunter on Jan 8, 2016.
             Was the Champion of Pakellas.
             Slain by a yak (14 damage)
             ... on level 8 of the Lair of Beasts.
             The game lasted 01:32:49 (19091 turns).

Scytalen the Brawler (Troll Hunter)                Turns: 19091, Time: 01:32:50

Health: -1/117     AC:  9    Str: 30    XL:     14   Next: 28%
Magic:  18/18      EV: 14    Int: 19    God:    Pakellas [******]
Gold:   990        SH:  0    Dex: 14    Spells: 0 memorised, 13 levels left

rFire  + . .     SeeInvis .       - Unarmed
rCold  . . .     Gourm    +     o - +1 robe of Limitation {Int+5 Slay+2}
rNeg   . . .     Faith    .     (no shield)
rPois  .         Spirit   .     q - +2 hat
rElec  .         Dismiss  .     V - +0 cloak "Waveefe" {+Blink Str+3 Slay+2 Stlth+}
rCorr  .         Reflect  .     (gloves unavailable)
SustAt .         Harm     .     (boots unavailable)
MR     ++...     Clarity  +     (no amulet)
Stlth  +++.......               H - ring "Mujirhisk" {MR+ Str+4 Int+5}
                                O - ring of protection from fire

@: lethally poisoned (-1 -> -1), very resistant to hostile enchantments, fairly
stealthy
A: unfitting armour, beak, claws 3, clarity, clever 1, fast metabolism 3, frail
1, gourmand, low mp 1, regeneration 2, shaggy fur 1, tough skin 2, no device
heal 1
a: Quick Charge, Device Surge, Supercharge, Renounce Religion, Evoke Blink


You were on level 8 of the Lair of Beasts.
You worshipped Pakellas.
Pakellas was exalted by your worship.
You were completely stuffed.

You visited 3 branches of the dungeon, and saw 20 of its levels.
You also visited: Ice Cave and Volcano.

You collected 1407 gold pieces.
You spent 417 gold pieces at shops.

Inventory:

Missiles
 g - 386 stones (quivered)
 v - 3 throwing nets
Armour
 o - the +1 robe of Limitation (worn) {Int+5 Slay+2}
   (You acquired it on level 7 of the Lair of Beasts)

   It affects your intelligence (+5).
   It affects your accuracy and damage with ranged weapons and melee attacks
   (+2).
 q - a +2 hat (worn)
 V - the +0 cloak "Waveefe" (worn) {+Blink Str+3 Slay+2 Stlth+}
   (You bought it in a shop on level 11 of the Dungeon)

   It affects your strength (+3).
   It affects your accuracy and damage with ranged weapons and melee attacks
   (+2).
   It lets you blink.
   It makes you more stealthy.
Rods
 a - a +3 rod of destruction (14/14)
   (Pakellas gifted it to you on level 10 of the Dungeon)
Jewellery
 z - an uncursed ring of protection from magic
 E - an uncursed ring of protection from cold
 H - the ring "Mujirhisk" (right claw) {MR+ Str+4 Int+5}
   (You found it on level 2 of the Lair of Beasts)

   [ring of protection from magic]

   It affects your strength (+4).
   It affects your intelligence (+5).
   It affects your resistance to hostile enchantments.
 O - a ring of protection from fire (left claw)
 U - an uncursed ring of teleportation
Wands
 b - a wand of confusion (28/48)
 e - a wand of digging (20/24)
 C - a wand of flame (15/48)
 D - a wand of disintegration (8/24)
 P - a wand of paralysis (8/24)
 Z - a wand of confusion (21/48)
Scrolls
 h - 9 scrolls of remove curse
 p - 4 scrolls of enchant armour
 r - a scroll of summoning
 s - 3 scrolls of fog
 t - a scroll of magic mapping
 y - 8 scrolls of teleportation
 B - 2 scrolls of recharging
 I - a scroll of vulnerability
 J - a scroll of identify
 S - a scroll of silence {unknown}
Potions
 c - a potion of might
 d - 2 potions of lignification
 k - a potion of heal wounds
 n - a potion of cure mutation
 u - 2 potions of haste
 w - 15 potions of curing
 x - a potion of berserk rage
 G - 2 potions of resistance
 K - 4 potions of brilliance
 L - 5 potions of agility
 N - a potion of beneficial mutation
 R - 3 potions of flight
Miscellaneous
 l - a sack of spiders {used: 1}
 T - a sack of spiders {used: 6}
 X - a phantom mirror
Comestibles
 f - 11 bread rations
 i - 11 meat rations
 j - 6 chunks of flesh
 m - 32 fruits
 A - 3 beef jerkies
 Q - 9 slices of pizza
 W - a royal jelly


   Skills:
 - Level 6.1 Fighting
 - Level 7.0 Throwing
 - Level 7.7 Dodging
 - Level 0.4 Stealth
 - Level 16.0 Unarmed Combat
 + Level 10.7 Evocations


You had 13 spell levels left.
You didn't know any spells.

Dungeon Overview and Level Annotations

Branches:
Dungeon (11/15)            Temple (1/1) D:4            Lair (8/8) D:8
 Shoals (0/4) Lair:3        Snake (0/4) Lair:3        Slime (0/6) Lair:7
    Orc (0/2) D:11

Altars:
Ashenzari
Fedhas
Gozag
Makhleb
Nemelex Xobeh
Okawaru
Pakellas
Ru
Sif Muna
Trog
Vehumet
Xom
Zin
The Shining One
Jiyva

Shops:
D:5 *   D:9 !   D:11 [


Innate Abilities, Weirdness & Mutations

You are too large for most types of armour.
You have claws for hands.
Your metabolism is lightning-fast.
You like to eat raw meat.
You heal very quickly.
You are covered in fur (AC +1).
You have very tough skin (AC +2).
You have a beak for a mouth.
You possess an exceptional clarity of mind.
Your mind is acute. (Int +2)
You are frail (-10% HP).
Your magical capacity is low (-10% MP).
Potions and wands are less effective at restoring your health.


Message History

* * * LOW HITPOINT WARNING * * *
Your redback bites the spiny frog but does no damage.
The yak tears the web.
The yak gores your orb spider!
You take 22 damage, and have 29/117 hp.
You scratch the spiny frog. Your peck misses the spiny frog.
The spiny frog is severely wounded.
Your redback bites the spiny frog!
The spiny frog dies!
Pakellas accepts your kill. The yak gores you!
* * * LOW HITPOINT WARNING * * *
You take 15 damage, and have 14/117 hp.
You barely miss the yak.
You feel sick.
The blink frog is caught in a web!
The yak is caught in a web!
Your redback bites the yak.
You mangle the yak!!
The yak is severely wounded.
You feel sick.
The blink frog struggles to get unstuck from the web.
The yak gores you!
You die...

*** ***,** ######* *####
**,*,,***#.....#***#.#.#*********
**,,*,#..P......P##...#.,*,**,*,*
,,,,,,,FPP..............,,,,,,,,,
,,,,,,,PPP...P.......#,.,,,,,,,,,
,,,,##,*#..P.#Fs#..###..,,,,,,,,*
.#,*#.##*#P...##@s......,,,,,****
..###...###....#YYY.....,,,,,****
..P#.....#....##........,,,,,**,,
PP.......#.÷.....†Y(Y...,,,,,**,,
..P....#.........Ps.....,,,***,,,
PP.....##......#.#...#..,,,,**,,,
.P.#..P..#.......#......,,,,,*,,*
.P#.P...#.#.............,,,,,***,
......÷.................,,,,*,,,,


You could see 5 yaks, a blink frog (webbed), a friendly orb spider, a friendly
trapdoor spider and a friendly redback.

Vanquished Creatures
  The ghost of nublet the Arsonist, a journeyman CeFE of Ashenzari (Lair:8)
  4 hydras
  A centaur warrior (Volcano)
  10 death yaks
  Urug (D:10)
  2 hill giants
  Pikel (D:9)
  A griffon (Lair:3)
  A cyclops (D:11)
  An oklob plant (Lair:4)
  9 elephants
  A torpor snail (Lair:4)
  3 ice statues (IceCv)
  2 black mambas (Lair:8)
  10 spiny frogs
  4 komodo dragons
  3 fire drakes
  3 polar bears
  17 blink frogs
  A shadow (D:11)
  41 yaks
  A wraith (D:11)
  A steam dragon (D:9)
  A hungry ghost (D:11)
  7 hippogriffs
  2 basilisks
  10 wolves
  4 nagas (Lair:3)
  22 water moccasins
  6 swamp worms (Lair:3)
  16 porcupines
  5 orc warriors
  10 ice beasts
  2 black bears
  3 phantoms
  4 sky beasts
  16 centaurs
  7 ogres
  9 crocodiles
  5 big kobolds
  16 giant frogs
  A gnoll sergeant (D:9)
  7 scorpions
  5 killer bees (D:9)
  3 electric eels
  A wight (D:9)
  4 crimson imps
  A centaur zombie (D:9)
  2 quasits
  2 giant frog zombies (D:6)
  A jelly (D:10)
  5 orc priests
  4 hounds
  8 orc wizards
  2 centaur skeletons
  A giant frog skeleton (D:8)
  Natasha (thrice) (D:2)
  5 iguanas
  7 worker ants
  19 sheep
  4 hound skeletons
  2 worker ant zombies (D:7)
  3 gnolls (D:9)
  15 adders
  12 river rats
  2 shadow imps (D:11)
  2 adder zombies (D:6)
  An adder skeleton (D:5)
  20 worms
  3 giant geckos
  32 orcs
  8 bats
  2 giant cockroaches (D:2)
  6 goblins
  8 hobgoblins
  15 jackals
  9 quokkas
  A ball python (D:5)
  A giant cockroach zombie (D:6)
  2 giant newts (D:5)
  A jackal skeleton (D:6)
  13 kobolds
  A quokka zombie (D:6)
  5 rats
  2 fungi (Lair:4)
  2 plants
517 creatures vanquished.

Vanquished Creatures (collateral kills)
  4 hydras
  A griffon (Lair:2)
  A spiny frog (Lair:8)
  3 fire bats (Lair:8)
  A wolf (Lair:8)
  A crocodile (Lair:1)
  A scorpion (D:11)
  8 river rats
  5 orcs (D:11)
25 creatures vanquished.

Vanquished Creatures (others)
  2 slaves (D:9)
  A killer bee (D:9)
  A wight (D:9)
  2 gnolls (D:9)
  12 fungi
  19 plants
37 creatures vanquished.

Grand Total: 579 creatures vanquished

Notes
Turn   | Place    | Note
--------------------------------------------------------------
     0 | D:1      | Scytalen the Troll Hunter began the quest for the Orb.
     0 | D:1      | Reached XP level 1. HP: 19/19 MP: 0/0
   247 | D:1      | Reached skill level 1 in Unarmed Combat
   502 | D:1      | Reached XP level 2. HP: 27/27 MP: 1/1
   866 | D:2      | Reached XP level 3. HP: 33/33 MP: 2/2
  1025 | D:2      | Reached XP level 4. HP: 41/41 MP: 3/3
  1147 | D:2      | Reached skill level 4 in Unarmed Combat
  1230 | D:2      | Noticed Natasha
  1278 | D:2      | Killed Natasha
  1278 | D:2      | Reached XP level 5. HP: 42/48 MP: 4/4
  1311 | D:2      | Noticed Natasha
  1317 | D:2      | Killed Natasha
  1382 | D:2      | Reached skill level 5 in Unarmed Combat
  1388 | D:2      | Noticed Natasha
  1407 | D:2      | Killed Natasha
  1747 | D:3      | Noticed a phantom
  1798 | D:3      | Killed a phantom
  1798 | D:3      | Reached skill level 6 in Unarmed Combat
  1798 | D:3      | Reached XP level 6. HP: 41/55 MP: 5/5
  2138 | D:4      | Found a staircase to the Ecumenical Temple.
  2176 | Temple   | Entered the Ecumenical Temple
  2261 | Temple   | Became a worshipper of Pakellas the Inventive
  2535 | D:4      | Found an iron altar of Okawaru.
  2920 | D:5      | Entered Level 5 of the Dungeon
  2976 | D:5      | Reached skill level 7 in Unarmed Combat
  3037 | D:5      | Reached XP level 7. HP: 62/62 MP: 6/6
  3086 | D:5      | Reached * piety under Pakellas
  3109 | D:5      | Found Biylykau's Assorted Antiques.
  3121 | D:5      | Bought a long copper wand for 80 gold pieces
  3232 | D:5      | Reached skill level 8 in Unarmed Combat
  3266 | D:5      | Bought a potion of might for 80 gold pieces
  3722 | D:6      | Reached skill level 9 in Unarmed Combat
  3722 | D:6      | Reached XP level 8. HP: 70/70 MP: 7/7
  3791 | D:6      | Reached ** piety under Pakellas
  3791 | D:6      | Received a gift from Pakellas
  3999 | D:6      | Reached skill level 10 in Unarmed Combat
  4769 | D:7      | Reached skill level 11 in Unarmed Combat
  5053 | D:8      | Found a staircase to the Lair.
  5196 | D:8      | Reached XP level 9. HP: 76/76 MP: 8/8
  5203 | D:8      | Gained mutation: Armour fits poorly on your strangely shaped body. [mutagenic meat]
  5204 | D:8      | Gained mutation: Your spells are a little easier to cast, but a little less powerful. [mutagenic meat]
  5205 | D:8      | Gained mutation: Your magical capacity is low (-10% MP). [mutagenic meat]
  5207 | D:8      | Lost mutation: Your spells are a little easier to cast, but a little less powerful. [mutagenic meat]
  5347 | D:8      | Reached *** piety under Pakellas
  5347 | D:8      | Reached skill level 12 in Unarmed Combat
  5350 | D:8      | Reached skill level 1 in Evocations
  5478 | D:8      | Noticed a three-headed hydra
  5535 | D:8      | HP: 1/76 [five-headed hydra (6)]
  5872 | D:9      | Found Ylau's Distillery.
  5885 | D:9      | Bought a potion of lignification for 39 gold pieces
  6107 | D:9      | Noticed Pikel
  6158 | D:9      | Killed Pikel
  6158 | D:9      | Reached skill level 5 in Evocations
  6443 | D:9      | Reached XP level 10. HP: 85/85 MP: 11/11
  6447 | D:9      | Gained mutation: Potions and wands are less effective at restoring your health. [mutagenic meat]
  6448 | D:9      | Gained mutation: You have a beak for a mouth. [mutagenic meat]
  6449 | D:9      | Gained mutation: You possess an exceptional clarity of mind. [mutagenic meat]
  6450 | D:9      | Gained mutation: You are frail (-10% HP). [mutagenic meat]
  6452 | D:9      | Found an opulent altar of Gozag.
  6453 | D:9      | Found a glowing silver altar of Zin.
  6540 | D:9      | Found a bloodstained altar of Trog.
  6542 | D:9      | Found a deep blue altar of Sif Muna.
  6657 | D:9      | Found a sacrificial altar of Ru.
  6657 | D:9      | Found an iron altar of Okawaru.
  6729 | D:10     | Entered Level 10 of the Dungeon
  7337 | D:10     | Reached **** piety under Pakellas
  7337 | D:10     | Received a gift from Pakellas
  7589 | D:10     | Noticed a hill giant
  7600 | D:10     | Killed a hill giant
  8042 | D:10     | Reached skill level 13 in Unarmed Combat
  8304 | D:11     | Noticed Urug
  8336 | D:11     | Noticed a hill giant
  8341 | D:11     | Reached ***** piety under Pakellas
  8344 | D:11     | Killed a hill giant
  8366 | D:10     | HP: 1/76 [Urug/battleaxe (26)]
  8816 | D:11     | Reached XP level 11. HP: 65/82 MP: 13/13
  8937 | D:11     | Found Fufusch's Antique Armour Shoppe.
  8941 | D:11     | Bought a twisted cloak for 218 gold pieces
  8946 | D:11     | Identified the +0 cloak "Waveefe" {+Blink Str+3 Slay+2 Stlth+} (You bought it in a shop on level 11 of the Dungeon)
  8975 | D:11     | Found a staircase to the Orcish Mines.
  9325 | D:11     | Reached skill level 14 in Unarmed Combat
  9362 | D:11     | Found a shattered altar of Ashenzari.
  9524 | D:10     | Killed Urug
  9816 | D:8      | Killed a five-headed hydra
  9835 | D:8      | Gained mutation: Your muscles are strong. (Str +2) [mutagenic meat]
  9836 | D:8      | Lost mutation: Your muscles are strong. (Str +2) [mutagenic meat]
  9837 | D:8      | Gained mutation: Your mind is acute. (Int +2) [mutagenic meat]
  9838 | D:8      | Lost mutation: Armour fits poorly on your strangely shaped body. [mutagenic meat]
 10197 | Lair:1   | Entered Level 1 of the Lair of Beasts
 10397 | Lair:1   | Noticed a seven-headed hydra
 10413 | Lair:1   | Killed a seven-headed hydra
 10910 | Lair:2   | Reached ****** piety under Pakellas
 10918 | Lair:2   | Noticed a griffon
 10926 | Lair:2   | Killed a griffon
 10926 | Lair:2   | Reached skill level 5 in Fighting
 10943 | Lair:2   | Noticed an eight-headed hydra
 10946 | Lair:2   | Killed an eight-headed hydra
 11458 | Lair:2   | Got a warped bone ring
 11460 | Lair:2   | Identified the ring "Mujirhisk" {MR+ Str+4 Int+5} (You found it on level 2 of the Lair of Beasts)
 12044 | Lair:3   | Found a staircase to the Shoals.
 12189 | Lair:3   | Reached skill level 5 in Throwing
 12189 | Lair:3   | Reached XP level 12. HP: 102/102 MP: 14/14
 12222 | Lair:3   | Found a staircase to the Snake Pit.
 13041 | Lair:3   | Reached skill level 15 in Unarmed Combat
 13434 | Lair:4   | Received a gift from Pakellas
 13752 | Lair:4   | Reached skill level 16 in Unarmed Combat
 14303 | Lair:6   | Found a frozen archway.
 14374 | IceCv    | Entered an ice cave
 14603 | IceCv    | HP: 6/153 [ice statue] (9)]
 14968 | Lair:5   | Noticed an eight-headed hydra
 15041 | Lair:6   | Reached XP level 13. HP: 72/108 MP: 15/15
 15195 | Lair:6   | Reached skill level 5 in Dodging
 16854 | Lair:7   | Identified a scroll of acquirement
 16856 | Lair:7   | Got a colourful robe
 16867 | Lair:7   | Identified the +1 robe of Limitation {Int+5 Slay+2} (You acquired it on level 7 of the Lair of Beasts)
 16922 | Lair:7   | Identified a +3 rod of destruction (14/14) (Pakellas gifted it to you on level 10 of the Dungeon)
 17091 | Lair:7   | Found a viscous altar of Jiyva.
 17091 | Lair:7   | Found a staircase to the Slime Pits.
 18239 | Lair:8   | Entered Level 8 of the Lair of Beasts
 18239 | Lair:8   | Noticed nublet's ghost (journeyman CeFE)
 18245 | Lair:8   | Killed nublet's ghost
 18248 | Lair:7   | Reached XP level 14. HP: 117/117 MP: 18/18
 18350 | Lair:8   | Reached skill level 10 in Evocations
 18612 | Lair:8   | Found a dark tunnel.
 18627 | Volcano  | Entered a volcano
 19091 | Lair:8   | Slain by a yak

Vault maps used:
D:1:      dpeg_arrival_rooms_a
D:2:      uniq_natasha
D:3:      first_bread
D:4:      temple_pool_b, okawaru_trees_2
D:5:      serial_shops, shop, kennysheep_windowed_goal
D:7:      kennysheep_doodads
D:8:      lair_0_dummy, hangedman_ranch
D:9:      nicolae_overflow_hidden_temple, amethyst_overflow_temple_binary,
          serial_shops, nicolae_shop_behind_doors, uniq_pikel
D:11:     hiddenorc2_lemuel, basic_altar, serial_shops, nicolae_shop_crystal,
          uniq_urug
Temple:   minmay_temple_curvy_14
Lair:1:   lemuel_fruit_fields
Lair:3:   minmay_shoals_entry_centaurs, minmay_snake_entry_guardpost_small,
          nicolae_quartered_pool_medium, worms_lemuel
Lair:4:   statuecave_lemuel
Lair:6:   portal_ice_cave_entry_animals_and_master, lemuel_fruit_tree,
          grunt_megastairs_1
Lair:7:   slime_altar_1, serial_bayou_shore_a
Lair:8:   hangedman_lair_caniforms_friends, guppyfry_lair_end_dragon,
          nicolae_volcano_entry_batcave, minivault_26, uniq_snorg
IceCv:    ice_cave_statue_garden_02
Volcano:  volcano_pools

Action                   |  1- 3 |  4- 6 |  7- 9 | 10-12 | 13-15 || total
-------------------------+-------+-------+-------+-------+-------++-------
Melee: Unarmed           |    45 |   185 |   212 |   568 |   319 ||  1329
Throw: Stone             |    42 |    79 |    81 |   129 |    98 ||   429
       Large rock        |     7 |     8 |    15 |    43 |    22 ||    95
       Tomahawk          |     6 |     8 |     4 |       |       ||    18
       Throwing net      |       |     1 |     2 |       |       ||     3
Invok: Quick Charge      |       |       |     1 |       |       ||     1
Evoke: Wand              |       |       |    19 |    50 |     5 ||    74
       Sack of spiders   |       |       |       |     5 |     3 ||     8
       Rod               |       |       |       |       |    11 ||    11
  Use: Scroll            |     3 |     7 |     9 |    13 |     6 ||    38
       Potion            |       |       |     1 |     9 |     4 ||    14
 Stab: Sleeping          |       |     1 |     1 |     1 |     3 ||     6
       Confused          |       |       |       |     1 |       ||     1
       Betrayed ally     |       |       |       |     1 |       ||     1
       Paralysed         |       |       |       |     3 |       ||     3
  Eat: Chunk             |    14 |    19 |    30 |   102 |    45 ||   210
